 Dungeon Crawl Stone Soup version 0.21.1-1-g345015f (webtiles) character file.

88 suicidejoker the Insei (level 4, -2/29 HPs)
             Began as an Octopode Transmuter on Mar 29, 2018.
             Slain by Sigmund
             ... wielding a +0 scythe
              (7 damage)
             ... on level 2 of the Dungeon.
             The game lasted 00:04:15 (2609 turns).

suicidejoker the Insei (Octopode Transmuter)        Turns: 2609, Time: 00:04:15

Health: -2/29      AC:  1    Str:  9    XL:     4   Next: 54%
Magic:  6/7        EV: 13    Int: 15    God:
Gold:   77         SH:  0    Dex: 13    Spells: 6/7 levels left

rFire    + . .     SeeInvis .   a - +0 dagger
rCold    + . .     Gourm    .   l - +0 buckler
rNeg     . . .     Faith    .   (helmet restricted)
rPois    +         Spirit   .   (no amulet)
rElec    +         Reflect  .   (no ring)
rCorr    +         Harm     .   (no ring)
MR       .....                  (no ring)
Stlth    ++........             (no ring)
HPRegen  0.09/turn              (no ring)
MPRegen  0.10/turn              (no ring)
                                (no ring)
                                (no ring)

@: confused, appendage, resistant, very slightly contaminated, hasted, very
quick
A: almost no armour, stealthy swim, amphibious, 8 rings, constrict 8, tentacle
spike 3, camouflage 1, gelatinous body 1
a: End Transformation


You were on level 2 of the Dungeon.
You were not hungry.
One of your tentacles had a temporary spike.
You visited 1 branch of the dungeon, and saw 2 of its levels.

You collected 77 gold pieces.

Inventory:

Hand Weapons
 a - a +0 dagger (weapon)
 b - a +0 hunting sling
Missiles
 f - 31 sling bullets
 h - 39 arrows
 k - 86 stones (quivered)
Armour
 l - a +0 buckler (worn)
Scrolls
 e - 2 scrolls of remove curse {unknown}
 j - a scroll of amnesia {unknown}
 n - 4 scrolls of identify {unknown}
 o - a scroll of blinking {unknown}
Books
 g - a book of Changes

   Spells                             Type                      Level
   a - Beastly Appendage              Transmutation                1
   b - Sticks to Snakes               Transmutation                2
   c - Spider Form                    Transmutation/Poison         3
   d - Ice Form                       Ice/Transmutation            4
   e - Blade Hands                    Transmutation                5
Comestibles
 c - 5 rations
 p - a chunk of flesh


   Skills:
 + Level 1.8 Fighting
 + Level 1.0 Throwing
 + Level 2.3 Dodging
 * Level 2.8 Stealth
 + Level 3.2 Unarmed Combat
 + Level 2.3 Spellcasting
 + Level 2.5 Transmutations


You had 6 spell levels left.
You knew the following spells:

 Your Spells              Type           Power        Failure   Level  Hunger
a - Beastly Appendage     Tmut           #.....       13%         1    #......


Dungeon Overview and Level Annotations

Branches:
Dungeon (2/15)

Altars:
Gozag
Vehumet

Annotations:
D:2 Sigmund


Innate Abilities, Weirdness & Mutations

You cannot wear most types of armour.
You are very stealthy in the water. (Stealth+)
You are amphibious.
You can wear up to eight rings at the same time.
You can use your tentacles to constrict eight enemies at once.
Your skin changes colour to match your surroundings (Stealth+).
Your rubbery body absorbs attacks. (AC +1, EV +1)
One of your tentacles bears a large vicious spike.


Message History

You hear some strange, mumbled words.
You are confused.
You barely miss something.
Your tentacle spike misses something.
You hear some strange, mumbled words.
A puff of flame appears from out of thin air!
The puff of flame misses you.
A kobold comes into view.
Found a stone staircase leading up.
You hear some strange, mumbled words.
You are more confused.
You miss something.
You pierce something.
You completely miss something.
Your tentacle spike misses something.
You squeeze something. Something barely misses you.
You hit something.
You pierce something.
Something hits you.
* * * LOW HITPOINT WARNING * * *
You barely miss something.
Your tentacle spike misses something.
Something hits you.
* * * LOW HITPOINT WARNING * * *
You miss something. Something hits you!
You die...

#.#####
##.....## #.#
##...## #.#
##+## #.# ###
#####.####..
#........#.#
#.###.##.#!# .
#.##.#.###....
#..(..@.....#
####.#{##...#
#.#.# ....
#.#.# .K.
..#.. ## #####


There were no monsters in sight!

Vanquished Creatures
  2 adders (D:2)
  2 oozes
  A worm (D:2)
  A dart slug (D:1)
  A leopard gecko (D:2)
  2 giant cockroaches
  8 goblins
  7 hobgoblins
  7 jackals (D:2)
  A ball python (D:1)
  7 bats
  2 frilled lizards (D:2)
  5 kobolds (D:1)
  6 rats
52 creatures vanquished.

Notes
Turn   | Place    | Note
-------+----------+-------------------------------------------
     0 | D:1      | suicidejoker the Octopode Transmuter began the quest for the Orb.
     0 | D:1      | Reached XP level 1. HP: 13/13 MP: 3/3
   135 | D:1      | Reached skill level 1 in Stealth
   135 | D:1      | Reached XP level 2. HP: 12/18 MP: 5/5
   577 | D:1      | Reached XP level 3. HP: 23/23 MP: 6/6
  1698 | D:2      | Reached XP level 4. HP: 25/29 MP: 7/7
  1862 | D:2      | Found a radiant altar of Vehumet.
  2107 | D:2      | Found an opulent altar of Gozag.
  2468 | D:2      | Reached skill level 1 in Throwing
  2581 | D:2      | Noticed Sigmund
  2609 | D:2      | Slain by Sigmund

Skill      XL: |  1  2  3  4 |
---------------+-------------+-----
Stealth        | 1 2 |  2.8
Throwing       | 1 |  1.0
Fighting       | |  1.8
Dodging        | |  2.3
Unarmed Combat | |  3.2
Spellcasting   | |  2.3
Transmutations | |  2.5

Action                   |  1- 3 |  4- 6 || total
-------------------------+-------+-------++-------
Melee: Unarmed           |    17 |       ||    17
       Constrict         |     7 |     4 ||    11
       Tentacles         |     7 |     1 ||     8
       Dagger            |    11 |    30 ||    41
       Kick              |     1 |     6 ||     7
 Fire: Hunting sling     |    68 |    52 ||   120
 Cast: Beastly Appendage |     2 |     3 ||     5
  Use: Potion            |       |     3 ||     3
 Stab: Sleeping          |     1 |     1 ||     2
  Eat: Chunk             |     2 |     3 ||     5
Armor: Skin              |     4 |     3 ||     7
Dodge: Dodged            |    27 |    26 ||    53
Block: Buckler           |     3 |     6 ||     9
